 Dungeon Crawl Stone Soup version 0.29.0-4-gdea44cf6ec (webtiles) character file.

Game seed: 2299726358676234405

12133 drpainis the Cleaver (level 11, 0/130 HPs)
             Began as a Demonspawn Berserker on Aug 27, 2022.
             Was an Elder of Trog.
             Slain by a yak (2 damage)
             ... on level 1 of the Lair of Beasts.
             The game lasted 00:13:44 (10497 turns).

drpainis the Cleaver (Demonspawn Berserker)        Turns: 10497, Time: 00:13:45

Health: 0/130      AC: 17    Str: 21    XL:     11   Next: 58%
Magic:  11/11      EV: 13    Int:  9    God:    Trog [****..]
Gold:   524        SH:  6    Dex: 19    Spells: 10/10 levels left

rFire   . . .      SeeInvis .   G - +0 war axe
rCold   . . .      Faith    .   P - +0 buckler
rNeg    . . .      Spirit   .   H - +0 plate armour
rPois   .          Reflect  .   t - +0 helmet
rElec   .          Harm     .   n - +0 cloak
rCorr   .          Rampage  .   (gloves unavailable)
Will    ++...                   e - +0 pair of boots
Stlth   ..........              o - amulet of the acrobat
HPRegen 2.31/turn               y - +4 ring of evasion
MPRegen 0.12/turn               g - ring "Nidoid Waiwk" {Dex+6 Slay+3 Stlth+}

@: berserking (expiring), lethally poisoned (0 -> -1), strong-willed,
regenerating, very quick
A: powered by death 1, demonic magic 2, demonic touch 3
a: Renounce Religion, Berserk, Trog's Hand, Brothers in Arms


You were on level 1 of the Lair of Beasts.
You worshipped Trog.
Trog was greatly pleased with you.
You visited 2 branches of the dungeon, and saw 11 of its levels.

You collected 524 gold pieces.

Inventory:

Hand Weapons
 a - a +0 hand axe
 x - a +0 demon whip
 G - a +0 war axe (weapon)
 O - a +6 hand axe
Armour
 b - a +0 animal skin
 e - a +0 pair of boots (worn)
 f - a +2 pair of gloves
 l - a +0 ring mail
 n - a +0 cloak (worn)
 t - a +0 helmet (worn)
 H - a +0 plate armour (worn)
 K - a +0 chain mail
 M - the +1 ring mail of Umypsutt {Will++ Int+4}
   (You found it on level 6 of the Dungeon)

   Int:       It affects your intelligence (+4).
   Will:      It greatly increases your willpower.
 P - a +0 buckler (worn)
Jewellery
 g - the ring "Nidoid Waiwk" (right hand) {Dex+6 Slay+3 Stlth+}
   (You acquired it on level 7 of the Dungeon)

   [ring of dexterity]

   Dex:       It affects your dexterity (+6).
   Slay:      It affects your accuracy & damage with ranged weapons and melee
   (+3).
   Stlth:     It makes you more stealthy.
 o - an amulet of the acrobat (around neck)
 u - a ring of flight
 y - a +4 ring of evasion (left hand)
 F - an amulet of reflection
Wands
 D - a wand of iceblast (8)
 E - a wand of paralysis (17)
 N - a wand of digging (8)
Scrolls
 c - 2 scrolls of amnesia
 d - a scroll of vulnerability
 h - 3 scrolls of identify
 j - 3 scrolls of teleportation
 p - a scroll of magic mapping
 w - 3 scrolls of fear
 A - 2 scrolls of poison
 Q - a scroll of blinking {unknown}
Potions
 i - a potion of degeneration {unknown}
 k - a potion of brilliance {unknown}
 m - a potion of haste
 q - 2 potions of might {unknown}
 r - 2 potions of cancellation {unknown}
 s - 3 potions of heal wounds {unknown}
 v - a potion of resistance {unknown}
 z - 3 potions of mutation {unknown}
 B - a potion of flight {unknown}
 C - 2 potions of lignification {unknown}
 I - 6 potions of curing {unknown}
 J - a potion of berserk rage {unknown}
 L - a potion of invisibility


   Skills:
 + Level 8.6 Fighting
 + Level 13.8 Axes
 + Level 7.2 Armour
 + Level 6.0 Dodging
 + Level 3.2 Stealth
 + Level 4.5 Shields


You had 10 spell levels left.
You didn't know any spells.
Your spell library was empty.

Dungeon Overview and Level Annotations

Branches:
Dungeon (10/15)            Temple (0/1) D:7            Lair (1/5) D:8
    Orc: D:9-12

Altars:
Dithmenos
Kikubaaqudgha
Nemelex Xobeh
Uskayaw

Shops:
D:2 =   D:3 **   D:8 [


Innate Abilities, Weirdness & Mutations

You regenerate a little health from kills.
Spells you cast may paralyse nearby enemies.
Your touch may irresistibly damage your foes and sap their willpower.


Message History

You feel very sick.
You slash the yak!
The yak is severely wounded.
You feel very sick. The yak gores you.
* * * LOW HITPOINT WARNING * * *
You hit the yak.
The yak is severely wounded.
You hit the yak.
You feel very sick. The yak barely misses you.
Unknown command.
You slash the yak!
The yak is severely wounded.
You slash the yak!
You kill the yak!
Trog accepts your kill.
You hit the yak but do no damage.
You feel very sick.
You slash the yak!
The yak is almost dead.
You slice the yak!!
You feel very sick. The yak gores you.
* * * LOW HITPOINT WARNING * * *
The yak gores you but does no damage.
You slash the yak!
The yak is moderately wounded.
You slash the yak! x2
You kill the yak!
Trog accepts your kill.
* * * LOW HITPOINT WARNING * * *
You feel sick.
You have finished your manual of Axes and toss it away.
You slash the yak!
The yak is severely wounded.
You hit the yak.
* * * LOW HITPOINT WARNING * * *
You feel sick. The yak closely misses you. The yak gores you.
You die...

#......# ####....###
#. ######.#....## #..
#..........## ###..#
##..........##
#......
#...........##..§....
##########...#..≈≈≈≈.
##..†.≈≈§§§≈
##Y@≈§§≈§§≈
#YY§≈§≈≈§≈
#Y..§§§≈§§≈
....)≈≈≈§§≈≈
.......≈≈≈§≈≈
..........≈§≈≈.
####.##.#...... ##
#......#.


You could see 4 yaks.

Vanquished Creatures
  2 two-headed ogres
  Erica (D:9)
  3 cane toads (Lair:1)
  A komodo dragon (Lair:1)
  2 tengu conjurers (D:8)
  A meliai (D:8)
  2 trolls
  A hornet (D:7)
  A slime creature (D:8)
  12 yaks
  2 wyverns
  3 steam dragons
  2 water moccasins
  An ice beast (D:5)
  2 sky beasts
  4 black bears
  2 orc warriors (D:8)
  5 wolves (Lair:1)
  5 centaurs
  3 phantoms
  A kobold brigand (D:7)
  7 bullfrogs
  A necrophage (D:6)
  5 scorpions
  A wight (D:8)
  12 killer bees
  A howler monkey (D:6)
  3 orc priests
  3 hounds
  3 jellies
  A gnoll bouda (D:7)
  Jessica (D:3)
  Natasha (thrice) (D:2)
  5 iguanas
  10 orc wizards
  Robin (D:2)
  2 adders
  7 gnolls
  2 ufetubi
  3 worms
  A dart slug (D:1)
  34 orcs
  11 endoplasms
  3 giant cockroaches
  17 goblins
  10 hobgoblins
  12 jackals
  9 kobolds
  2 quokkas (D:1)
  4 ball pythons
  10 bats
  5 frilled lizards
  5 rats
250 creatures vanquished.

Vanquished Creatures (collateral kills)
  6 yaks (Lair:1)
6 creatures vanquished.

Vanquished Creatures (others)
  2 orcs (D:4)
  A bush (Lair:1)
  9 fungi
  21 plants
33 creatures vanquished.

Grand Total: 289 creatures vanquished

Notes
Turn   | Place    | Note
-------+----------+-------------------------------------------
     0 | D:1      | drpainis the Demonspawn Berserker began the quest for the
                  | Orb.
     0 | D:1      | Reached XP level 1. HP: 18/18 MP: 1/1
   306 | D:1      | Reached skill level 3 in Axes
   306 | D:1      | Gained mutation: Your touch may inflict minor irresistible
                  | damage on your foes. [demonic ancestry]
   306 | D:1      | Reached XP level 2. HP: 24/24 MP: 2/2
   770 | D:1      | Gained mutation: Spells you cast may paralyse adjacent
                  | enemies. [demonic ancestry]
   770 | D:1      | Reached XP level 3. HP: 29/29 MP: 3/3
   885 | D:1      | Reached ** piety under Trog
  1150 | D:2      | Found Qyfaad's One-of-a-Kind Rings.
  1288 | D:2      | Noticed Robin
  1331 | D:2      | Killed Robin
  1332 | D:2      | Reached XP level 4. HP: 27/36 MP: 4/4
  1680 | D:2      | Noticed Natasha
  1687 | D:2      | Killed Natasha
  1790 | D:2      | Noticed Natasha
  1795 | D:2      | Killed Natasha
  1796 | D:2      | Reached skill level 4 in Axes
  1974 | D:2      | Reached XP level 5. HP: 42/42 MP: 5/5
  2196 | D:2      | Noticed Natasha
  2207 | D:2      | Killed Natasha
  2207 | D:2      | Reached *** piety under Trog
  2420 | D:3      | Found Opsoegoh's General Store.
  2449 | D:3      | Noticed Jessica
  2454 | D:3      | Killed Jessica
  2643 | D:3      | Found Wistol's Assorted Antiques.
  3259 | D:4      | Noticed a +0 spear
  3259 | D:4      | Noticed a +0 spear
  3261 | D:4      | Noticed a +0 short sword
  3261 | D:4      | Noticed a +0 dagger
  3277 | D:4      | Noticed a black bear
  3289 | D:4      | Killed a black bear
  3290 | D:4      | Gained mutation: You regenerate a little health from kills.
                  | [demonic ancestry]
  3290 | D:4      | Reached XP level 6. HP: 49/49 MP: 6/6
  3735 | D:4      | Noticed a +0 dagger
  3735 | D:4      | Noticed a +0 falchion
  3735 | D:4      | Noticed a +0 falchion
  3740 | D:4      | Noticed a +0 short sword
  3785 | D:4      | Found a hide-covered altar of Uskayaw.
  3949 | D:5      | Entered Level 5 of the Dungeon
  4105 | D:5      | Reached skill level 5 in Axes
  4105 | D:5      | Reached XP level 7. HP: 55/55 MP: 7/7
  4144 | D:5      | Reached **** piety under Trog
  4687 | D:5      | Reached skill level 5 in Fighting
  4687 | D:5      | Reached XP level 8. HP: 62/62 MP: 8/8
  4768 | D:5      | Reached skill level 6 in Axes
  5131 | D:6      | Reached skill level 1 in Shields
  5157 | D:6      | Found a shadowy altar of Dithmenos.
  5537 | D:6      | Found a sparkling altar of Nemelex Xobeh.
  5619 | D:6      | Reached skill level 7 in Axes
  5698 | D:6      | Identified the +1 ring mail of Umypsutt {Will++ Int+4}
  5954 | D:7      | Found a staircase to the Ecumenical Temple.
  6010 | D:7      | Noticed a hornet
  6013 | D:7      | Paralysed by a hornet for 1 turns
  6019 | D:7      | Killed a hornet
  6020 | D:7      | Reached skill level 5 in Armour
  6020 | D:7      | Gained mutation: Spells you cast may paralyse nearby
                  | enemies. [demonic ancestry]
  6020 | D:7      | Reached XP level 9. HP: 68/68 MP: 9/9
  6153 | D:7      | Reached skill level 1 in Stealth
  6808 | D:8      | Noticed a tengu conjurer
  6823 | D:8      | Reached skill level 5 in Dodging
  6827 | D:8      | Noticed a tengu conjurer
  6828 | D:8      | Reached skill level 8 in Axes
  6831 | D:8      | Killed a tengu conjurer
  6841 | D:8      | Killed a tengu conjurer
  7068 | D:7      | Identified 2 scrolls of acquirement
  7068 | D:7      | Acquired the ring "Nidoid Waiwk" {Dex+6 Slay+3 Stlth+}
  7071 | D:7      | Acquired a manual of Axes
  7221 | D:8      | Noticed a two-headed ogre
  7228 | D:8      | Killed a two-headed ogre
  7229 | D:8      | Reached skill level 9 in Axes
  7384 | D:8      | Identified the +10 lajatang "Wiutaps" {spect, Drain Fly
                  | rC++ rN+ Str-5}
  7401 | D:8      | Gained mutation: Your touch may inflict irresistible damage
                  | on your foes. [demonic ancestry]
  7401 | D:8      | Reached XP level 10. HP: 63/77 MP: 10/10
  7510 | D:8      | Found Oqoshuot's Armour Emporium.
  7572 | D:8      | Reached skill level 10 in Axes
  7576 | D:8      | Reached ***** piety under Trog
  7811 | D:8      | Found an ancient bone altar of Kikubaaqudgha.
  8132 | D:8      | Found a staircase to the Lair.
  8610 | D:8      | Reached skill level 11 in Axes
  9577 | D:9      | Noticed Erica
  9585 | D:9      | Killed Erica
  9586 | D:9      | Reached skill level 12 in Axes
  9639 | D:9      | Noticed a two-headed ogre
  9649 | D:9      | Killed a two-headed ogre
  9650 | D:9      | Gained mutation: Your touch may irresistibly damage your
                  | foes and sap their willpower. [demonic ancestry]
  9650 | D:9      | Reached XP level 11. HP: 84/84 MP: 11/11
  9987 | D:10     | Entered Level 10 of the Dungeon
 10051 | Lair:1   | Entered Level 1 of the Lair of Beasts
 10181 | Lair:1   | Reached skill level 13 in Axes
 10495 | Lair:1   | HP: 3/130 [yak (6)]
 10497 | Lair:1   | Slain by a yak

Illustrated notes

Levels and vault maps discovered:
D:1:      heliophobic_arrival_enchanted_forest, layout_basic, grunt_decor_cap,
          minmay_ruptured
D:2:      layout_loops_ring, nicolae_shop_unique_rings, uniq_natasha, uniq_robin
D:3:      layout_loops_ring, serial_shops, shop_statue, nicolae_shop_stone,
          serial_park_tiny_1, chequers_serial_rivers_micro_b, uniq_jessica
D:4:      layout_basic, mainiacjoe_overflow_alcove_1, nicolae_uskayaw_en_pointe
D:5:      layout_loops_corners, kennysheep_mini, tso_metal_star,
          dreamdust_wishing_well, grunt_ministairs_10, saegor_snake_ambush
D:6:      layout_loops_ring, mainiacjoe_overflow_alcove_4,
          nicolae_dithmenos_shadow_blocks, chequers_serial_rivers_small_3,
          st_stairs_14
D:7:      layout_loops_ring, minmay_temple_entry_crystal_x
D:8:      cheibrodos_elevator_heist, layout_basic, kennysheep_little_box,
          grunt_lair_entry_orc_guard_hut, enter_bailey_3, serial_shops,
          nicolae_diamond_shop
D:9:      layout_roguey, grunt_ministairs_3, uniq_erica
D:10:     layout_roguey, grunt_temple_overflow_open,
          nicolae_qazlal_general_emergency
Lair:1:   layout_concentric_octagons, nicolae_quartered_pool_impasse,
          serial_bayou_shore_a

Skill      XL: |  1  2  3  4  5  6  7  8  9 10 11 |
---------------+----------------------------------+-----
Axes           | 3 4 5 7 9 12 13 | 13.8
Dodging        | 2 3 4 5 6 |  6.0
Armour         | 2 3 4 5 6 7 |  7.2
Fighting       | 4 5 6 7 8 |  8.6
Shields        | 1 3 4 |  4.5
Stealth        | 2 3 |  3.2

Action                   |  1- 3 |  4- 6 |  7- 9 | 10-12 || total
-------------------------+-------+-------+-------+-------++-------
Melee: Hand axe          |   110 |   168 |   267 |    73 ||   618
       Touch             |    13 |    31 |    57 |    13 ||   114
       Punch             |     1 |     1 |     1 |       ||     3
       War axe           |       |       |       |   198 ||   198
Invok: Berserk           |     2 |     1 |     4 |     5 ||    12
       Trog's Hand       |       |       |     1 |     6 ||     7
       Brothers in Arms  |       |       |       |     2 ||     2
  Use: Scroll            |       |       |    13 |       ||    13
 Stab: Sleeping          |       |       |       |     2 ||     2
Armor: Animal skin       |    29 |       |       |       ||    29
       Ring mail         |    26 |    61 |    71 |    31 ||   189
       Chain mail        |       |       |    22 |       ||    22
       Plate armour      |       |       |       |   100 ||   100
Dodge: Dodged            |   109 |   167 |   149 |   244 ||   669
Block: Other             |       |     4 |    57 |       ||    61
       Reflection        |       |       |     1 |       ||     1
       Buckler           |       |       |       |    54 ||    54
